 Dungeon Crawl Stone Soup version 0.23.2-11-gf996548c65 (webtiles) character file.

Game seed: 16526297880052541964

450 troglodite the Caller (level 7, -2/51 HPs)
             Began as a Barachi Summoner on June 4, 2019.
             Slain by a sky beast (6 damage)
             ... on level 5 of the Dungeon on June 5, 2019.
             The game lasted 00:16:59 (6474 turns).

troglodite the Caller (Barachi Summoner)            Turns: 6474, Time: 00:17:00

Health: -2/51      AC:  5    Str: 10    XL:     7   Next: 4%
Magic:  11/11      EV: 13    Int: 17    God:
Gold:   197        SH:  0    Dex: 12    Spells: 2/12 levels left

rFire    . . .     SeeInvis .   i - +1 whip (elec)
rCold    . . .     Gourm    .   (no shield)
rNeg     . . .     Faith    .   a - +0 robe
rPois    .         Spirit   .   (no helmet)
rElec    .         Reflect  .   w - +0 cloak
rCorr    .         Harm     .   (no gloves)
MR       .....                  r - +1 pair of boots
Stlth    ++........             t - amulet of the acrobat
HPRegen  0.17/turn              (no ring)
MPRegen  0.12/turn              (no ring)

@: slow
A: +LOS, swims, slowness 1, strong legs 1
a: Hop


You were on level 5 of the Dungeon.
You were hungry.

You visited 1 branch of the dungeon, and saw 5 of its levels.

You collected 197 gold pieces.

Inventory:

Hand Weapons
 i - a +1 whip of electrocution (weapon)
 p - a +1 mace of crushing
Missiles
 b - 166 stones (quivered)
Armour
 a - a +0 robe (worn)
 g - a +0 shield
 r - a +1 pair of boots (worn)
 w - a +0 cloak (worn)
Jewellery
 o - an uncursed amulet of faith
 t - an amulet of the acrobat (around neck)
Wands
 u - a wand of random effects (22)
Scrolls
 e - 5 scrolls of identify {unknown}
 j - a scroll of amnesia {unknown}
 k - a scroll of magic mapping {unknown}
 m - a scroll of fog {unknown}
 n - 3 scrolls of random uselessness {unknown}
 q - a scroll of remove curse {unknown}
 s - 2 scrolls of noise {unknown}
 v - a scroll of immolation {unknown}
 y - a scroll of enchant weapon {unknown}
Potions
 d - a potion of mutation {unknown}
 f - 2 potions of flight {unknown}
 h - 2 potions of curing
 l - a potion of berserk rage {unknown}
 x - a potion of haste {unknown}
Comestibles
 c - 8 rations


   Skills:
 * Level 2.4 Fighting
 + Level 2.2 Maces & Flails
 * Level 3.6 Dodging
 * Level 3.4 Stealth
 * Level 2.0 Shields
 * Level 3.2 Spellcasting
 * Level 6.0 Summonings
 * Level 1.2 Ice Magic


You had 2 spell levels left.
You knew the following spells:

 Your Spells              Type           Power        Failure   Level  Hunger
a - Summon Small Mammal   Summ           ###.         1%          1    None
b - Call Imp              Summ           ###.....     2%          2    ##.....
c - Call Canine Familiar  Summ           ###.....     4%          3    ###....
d - Summon Ice Beast      Ice/Summ       ###.....     36%         4    ####...

Your spell library contained the following spells:

 Spells                   Type           Power        Failure   Level  Hunger
 Corona                   Hex            #......      17%         1    None
 Ensorcelled Hibernation  Hex/Ice        #.....       21%         2    ##.....
 Summon Guardian Golem    Hex/Summ       ##......     14%         3    ###....
 Summon Lightning Spire   Summ/Air       ##......     43%         4    ####...
 Confuse                  Hex            #.......     45%         3    ###....
 Dazzling Spray           Conj/Hex       #.....       45%         3    ###....
 Tukima's Dance           Hex            #.......     45%         3    ###....


Dungeon Overview and Level Annotations

Branches:
Dungeon (5/15)
 Temple: D:4-7

Altars:
Elyvilon
Gozag
Ru
Wu Jian
Yredelemnul


Innate Abilities, Weirdness & Mutations

Shadows flee at your approach. (+LOS)
You can swim through water.
You cover ground slowly.
You can hop short distances.


Message History

The sky beast flickers out of sight!
Deactivating autopickup; reactivate with Ctrl-A.
Something barely misses you.
You hit something but do no damage. Something hits you but does no damage.
You barely miss something. Something hits you. Something shocks you.
You miss something. You closely miss something.
Something hits you but does no damage.
You closely miss something. Something hits you. Something shocks you.
You miss something. Something barely misses you.
You hit something. Something hits you but does no damage.
You miss something. Something hits you.
* * * LOW HITPOINT WARNING * * *
Something shocks you.
* * * LOW HITPOINT WARNING * * *
You closely miss something. Something hits you but does no damage.
You barely miss something. Something hits you but does no damage.
You barely miss something. Something hits you.
* * * LOW HITPOINT WARNING * * *
Something shocks you.
You die...

########## ##
#........##..
.. .........
.... .....
......##+##.##
.......{@†...+
#.#......##.##
#......##.#
#.#......<#
........####
.......#.#
...#....#
..>.......
.........#


There were no monsters in sight!

Vanquished Creatures
  A howler monkey (D:4)
  A hound (D:4)
  2 orc wizards (D:4)
  A worker ant (D:4)
  2 gnolls (D:4)
  4 adders
  A leopard gecko (D:4)
  6 orcs
  4 ball pythons
  3 giant cockroaches
  3 goblins
  3 hobgoblins
  7 jackals
  9 kobolds
  A quokka (D:2)
  5 bats
  7 frilled lizards
  7 rats
  A spectral orc (D:2)
68 creatures vanquished.

Vanquished Creatures (collateral kills)
  An ogre (D:4)
  A scorpion (D:4)
  An orc priest (D:4)
  An orc wizard (D:2)
  2 gnolls (D:4)
  3 adders
  A worm (D:1)
  4 orcs (D:4)
  A giant cockroach (D:1)
  2 goblins
  5 hobgoblins
  2 jackals
  A ball python (D:3)
  A ball python skeleton (D:4)
  4 bats (D:1)
  A frilled lizard (D:2)
  4 kobolds
  3 rats
38 creatures vanquished.

Grand Total: 106 creatures vanquished

Notes
Turn   | Place    | Note
-------+----------+-------------------------------------------
     0 | D:1      | troglodite the Barachi Summoner began the quest for the
                  | Orb.
     0 | D:1      | Reached XP level 1. HP: 13/13 MP: 3/3
    80 | D:1      | Reached skill level 5 in Summonings
   578 | D:1      | Reached XP level 2. HP: 2/19 MP: 5/5
   863 | D:1      | Learned a level 2 spell: Call Imp
  1970 | D:1      | Reached XP level 3. HP: 17/24 MP: 6/6
  2044 | D:1      | Learned a level 3 spell: Call Canine Familiar
  3087 | D:2      | Found a sacrificial altar of Ru.
  3107 | D:2      | Reached skill level 1 in Fighting
  3107 | D:2      | Reached skill level 1 in Maces & Flails
  3107 | D:2      | Reached skill level 1 in Shields
  3107 | D:2      | Reached XP level 4. HP: 10/32 MP: 3/7
  3643 | D:2      | Found a basalt altar of Yredelemnul.
  4133 | D:3      | Reached XP level 5. HP: 35/37 MP: 4/8
  5207 | D:4      | Reached XP level 6. HP: 37/44 MP: 10/10
  5213 | D:4      | Learned a level 4 spell: Summon Ice Beast
  5340 | D:4      | Found an opulent altar of Gozag.
  6015 | D:4      | Found a white marble altar of Elyvilon.
  6016 | D:4      | Found an ornate altar of the Wu Jian Council.
  6064 | D:4      | Reached skill level 1 in Ice Magic
  6135 | D:4      | Reached skill level 6 in Summonings
  6135 | D:4      | Reached XP level 7. HP: 40/51 MP: 8/11
  6442 | D:5      | Entered Level 5 of the Dungeon
  6474 | D:5      | Slain by a sky beast

Skill      XL: |  1  2  3  4  5  6 |
---------------+-------------------+-----
Summonings     | 5 6 |  6.0
Stealth        | 2 3 |  3.4
Fighting       | 1 2 |  2.4
Maces & Flails | 1 2 |  2.2
Shields        | 1 2 |  2.0
Dodging        | 3 |  3.6
Spellcasting   | 3 |  3.2
Ice Magic      | 1 |  1.2

Action                   |  1- 3 |  4- 6 |  7- 9 || total
-------------------------+-------+-------+-------++-------
Melee: Club              |    53 |       |       ||    53
       Unarmed           |     3 |       |       ||     3
       Whip              |    87 |   129 |    34 ||   250
 Cast: Summon Small Mamm |     3 |       |       ||     3
       Call Imp          |     7 |       |       ||     7
       Call Canine Famil |     5 |    13 |     1 ||    19
 Abil: Hop               |     1 |       |       ||     1
  Use: Potion            |       |     1 |       ||     1
 Stab: Sleeping          |     3 |     4 |       ||     7
       Invisible         |     1 |       |       ||     1
       Paralysed         |       |     2 |       ||     2
       Distracted        |       |     1 |       ||     1
  Eat: Chunk             |     8 |    11 |     2 ||    21
Armor: Robe              |    56 |    35 |    11 ||   102
Dodge: Dodged            |   136 |   104 |     8 ||   248
